 Dungeon Crawl Stone Soup version 0.31.0-12-g77e489cdc1 (webtiles) character file.

Game seed: 9500253890752503730

377 cdecastro the Changeling (level 6, -2/52 HPs)
             Began as a Draconian Shapeshifter on Feb 26, 2024.
             Was a Believer of Lugonu.
             Slain by a jelly (3 damage)
             ... on level 4 of the Dungeon.
             The game lasted 00:04:48 (3372 turns).

cdecastro the Changeling (Draconian Shapeshifter)   Turns: 3372, Time: 00:04:49

Health: -2/52      AC: -6    Str: 16    XL:     6   Next: 45%
Magic:  6/6        EV: 12    Int: 10    God:    Lugonu [**....]
Gold:   188        SH:  0    Dex: 13    Spells: 5/5 levels left

rFire   . . .        q - +2 dagger (venom)
rCold   . . .        (no shield)
rNeg    . . .        (body armour unavailable)
rPois   .            (helmet currently unavailable)
rElec   .            (cloak currently unavailable)
rCorr   .            (gloves currently unavailable)
SInv    .            (boots currently unavailable)
Will    .....        (no amulet)
Stlth   +            (no ring)
HPRegen 0.28/turn    (no ring)
MPRegen 0.10/turn

%: no passive effects
@: beast-form, corroded
A: beast (slay +3), AC +6, unfitting armour, cold-blooded
a: Begin Untransformation, Renounce Religion, Depart the Abyss, Banish


You were on level 4 of the Dungeon.
You worshipped Lugonu.
Lugonu was pleased with you.
You were a hulking beast.
You visited 2 branches of the dungeon, and saw 5 of its levels.

You collected 188 gold pieces.

Inventory:

Hand Weapons
 q - a +2 dagger of venom (weapon)
Missiles
 k - a throwing net (quivered)
Armour
 r - a +0 cloak
Talismans
 b - a beast talisman
 c - a flux talisman
Wands
 m - a wand of polymorph (8)
Scrolls
 e - a scroll of noise {unknown}
 f - a scroll of revelation {unknown}
 h - 2 scrolls of teleportation {unknown}
 i - a scroll of poison {unknown}
 j - 3 scrolls of identify {unknown}
 o - a scroll of vulnerability {unknown}
 p - 2 scrolls of immolation {unknown}
 u - a scroll of fear {unknown}
 v - 2 scrolls of amnesia {unknown}
Potions
 a - a potion of lignification
 d - a potion of invisibility {unknown}
 g - 2 potions of curing {unknown}
 l - a potion of haste {unknown}
 n - 3 potions of cancellation {unknown}
 s - a potion of mutation {unknown}
 t - a potion of magic {unknown}


   Skills:
 + Level 4.2 Fighting
 - Level 1.7 Dodging
 - Level 3.0 Unarmed Combat
 * Level 5.8 Shapeshifting


You had 5 spell levels left.
You didn't know any spells.
Your spell library was empty.

Dungeon Overview and Level Annotations

Branches:
Dungeon (4/15)             Temple (1/1) D:4

Altars:
Ashenzari
Cheibriados
Elyvilon
Fedhas
Gozag
Hepliaklqana
Makhleb
Okawaru
Ru
Sif Muna
Trog
Uskayaw
Vehumet
Wu Jian
Xom
Yredelemnul
Zin
Lugonu

Annotations:
D:2 Natasha


Innate Abilities, Weirdness & Mutations

You are a hulking beast.
Your limbs bulge with bestial killing power. (Slay +3)
Your plain brown scales are hard. (AC +6)
You cannot fit into any form of body armour.
You are cold-blooded and may be slowed by cold attacks.


Message History

Found a stone staircase leading down.
A jelly comes into view.
Found a stone staircase leading down.
A jackal comes into view.
The jelly quivers.
You hit the jelly but do no damage.
Your hands burn!
Your tail-slap misses the jelly.
The jelly barely misses you.
You hit the jelly.
The jelly is poisoned.
Your hands burn!
The jelly is lightly wounded.
The jelly hits you.
You are splashed with acid!
You hit the jelly.
Your hands burn!
Your tail-slap misses the jelly.
The jelly is moderately wounded.
The jelly closely misses you.
You puncture the jelly!
Your hands burn!
The jelly is heavily wounded.
The jelly barely misses you.
You hit the jelly.
The jelly looks as sick as possible!
The acid corrodes you!
Your hands burn!
You tail-slap the jelly.
The jelly is severely wounded.
The jelly hits you but does no damage.
You hit the jelly. The acid corrodes you!
Your hands burn!
* * * LOW HITPOINT WARNING * * *
The jelly is almost dead.
The jelly hits you.
* * * LOW HITPOINT WARNING * * *
You are splashed with acid!
* * * LOW HITPOINT WARNING * * *
You hit the jelly.
Your hands burn!
* * * LOW HITPOINT WARNING * * *
You tail-slap the jelly, but do no damage.
The jelly is almost dead.
The jelly hits you.
* * * LOW HITPOINT WARNING * * *
The acid corrodes you!
You are splashed with acid!
* * * LOW HITPOINT WARNING * * *
You hit the jelly but do no damage. The acid corrodes you!
Your hands burn!
* * * LOW HITPOINT WARNING * * *
The jelly is almost dead.
The jelly hits you.
You die...

>. h. .. .# .#
#.#.######.#
#........#.## ####
###.####....#### ..#
# #.hJ....... ..#.#
###.#...#.##.####.#.#
#...#...#.##........#
#.#####.......###.#
#...#...#........)#
###.#.>#####.####<#
########....# #.#
#......####.#
#......# #......# #.#
########


You could see a jelly (very poisoned).

Vanquished Creatures
  A howler monkey (D:4)
  A bombardier beetle (D:3)
  A hound (D:4)
  An orc priest (D:3)
  Jessica (D:3)
  3 orc wizards
  Robin (D:2)
  5 adders
  A white imp (D:3)
  3 dart slugs
  10 orcs
  6 ball pythons
  5 endoplasms
  3 giant cockroaches
  12 goblins
  3 hobgoblins
  6 kobolds
  4 quokkas (D:1)
  6 bats
  4 frilled lizards
  5 rats
82 creatures vanquished.

Notes
Turn   | Place    | Note
-------+----------+-------------------------------------------
     0 | D:1      | cdecastro the Draconian Shapeshifter began the quest for
                  | the Orb.
     0 | D:1      | Reached XP level 1. HP: 16/16 MP: 1/1
   158 | D:1      | Reached XP level 2. HP: 23/23 MP: 2/2
   611 | D:1      | Reached XP level 3. HP: 26/29 MP: 3/3
   735 | D:2      | Noticed Natasha
  1041 | D:2      | Noticed Robin
  1049 | D:2      | Killed Robin
  1050 | D:2      | Reached skill level 4 in Shapeshifting
  1054 | D:2      | Found a faded altar of an unknown god.
  1086 | D:2      | Prayed at the altar of an unknown god.
  1086 | D:2      | Became a worshipper of Lugonu the Unformed
  1086 | D:2      | Reached * piety under Lugonu
  1124 | D:2      | Reached XP level 4. HP: 33/37 MP: 4/4
  1164 | D:2      | Found a shimmering altar of Xom.
  1533 | D:3      | Noticed Jessica
  1852 | D:3      | Killed Jessica
  1853 | D:3      | Reached XP level 5. HP: 32/45 MP: 5/5
  2178 | D:4      | Reached skill level 5 in Shapeshifting
  2707 | D:3      | Reached ** piety under Lugonu
  2708 | D:3      | Reached XP level 6. HP: 52/52 MP: 6/6
  3208 | D:4      | Found a staircase to the Ecumenical Temple.
  3220 | Temple   | Entered the Ecumenical Temple
  3372 | D:4      | HP: 1/52 [acid (5)]
  3372 | D:4      | Slain by a jelly

Illustrated notes

Levels and vault maps discovered:
D:1:      minmay_arrival_checkered_box, layout_basic, serial_bayou_lake_a
D:2:      layout_rooms, basic_altar, shapermc_ecumenical_altar_notcrosses,
          uniq_robin, uniq_natasha
D:3:      layout_loops_cross, uniq_jessica
D:4:      layout_loops_corners, minmay_temple_entry_sparse_star,
          chequers_serial_rivers_micro_b
Temple:   minmay_temple_bridge_d

Skill      XL: |  1  2  3  4  5  6 |
---------------+-------------------+-----
Fighting       | 2 3 4 |  4.2
Shapeshifting  | 4 5 |  5.8
Dodging        | |  1.7
Unarmed Combat | |  3.0

Action                     |  1- 3 |  4- 6 || total
---------------------------+-------+-------++-------
  Melee: Unarmed           |   103 |    97 ||   200
         Tailslap          |    14 |    19 ||    33
         Punch             |     1 |     2 ||     3
         Dagger            |       |    47 ||    47
   Stab: Sleeping          |     1 |     2 ||     3
 Armour: Skin              |    51 |    78 ||   129
  Dodge: Dodged            |    70 |    77 ||   147
